 Dungeon Crawl Stone Soup version 0.31-a0-1161-g593ecc88b7 (webtiles) character file.

Game seed: 1084983564151398642

10 kae the Vexing (level 2, 17/20 HPs)
             Began as a Demonspawn Enchanter on Dec 8, 2023.
             Quit the game on level 1 of the Dungeon.
             The game lasted 00:00:10 (336 turns).

kae the Vexing (Demonspawn Enchanter)                Turns: 336, Time: 00:00:11

Health: 17/20      AC:  2    Str:  8    XL:     2   Next: 10%
Magic:  5/5        EV: 12    Int: 15    God:
Gold:   39         SH:  0    Dex: 13    Spells: 5/5 levels left

rFire   . . .        a - +1 dagger
rCold   . . .        (no shield)
rNeg    . . .        b - +0 robe
rPois   .            (no helmet)
rElec   .            (no cloak)
rCorr   .            (no gloves)
SInv    .            (no boots)
Will    .....        (no amulet)
Stlth   ++           (no ring)
HPRegen 0.23/turn    (no ring)
MPRegen 0.09/turn

%: no passive effects
@: no status effects
A: demonic guardian 1
a: no special abilities


You were on level 1 of the Dungeon.
You visited 1 branch of the dungeon, and saw 1 of its levels.

You collected 39 gold pieces.


Innate Abilities, Weirdness & Mutations

A weak demonic guardian rushes to your aid.


   Skills:
 + Level 0.4 Fighting
 * Level 1.2 Short Blades
 - Level 1.7 Dodging
 * Level 2.9 Stealth
 + Level 2.1 Spellcasting
 + Level 3.0 Hexes


You had 5 spell levels left.
You didn't know any spells.
Your spell library contained the following spells:

 Spells                   Type           Power      Damage    Failure   Level
 Ensorcelled Hibernation  Hex/Ice        12%        N/A       19%         2
 Confusing Touch          Hex            10%        N/A       19%         3
 Tukima's Dance           Hex            10%        N/A       19%         3
 Dazzling Flash           Conj/Hex       12%        N/A       34%         3

Inventory:

Hand Weapons
 a - a +1 dagger (weapon)
Armour
 b - a +0 robe (worn)
Potions
 c - 2 potions of invisibility

Dungeon Overview and Level Annotations

Branches:
Dungeon (1/15) Zot: 5666

Altars:

.. ..# ## #.#
..# #.# #.# #.#
... #.# #.#.##
#.###.....#
#...@#
#.##......#
#.##.#.#.##
##########
#.##.###
.........#
#.##..
.........#
#.####
.........####.#
.........'....#
.......>.###..#


There were no monsters in sight!


Message History

The bat barely misses you.
You swing at nothing.
You hit the goblin.
You kill the goblin!
The bat barely misses you.
You hit the bat.
You kill the bat!
You barely miss the giant cockroach.
The giant cockroach bites you but does no damage.
You closely miss the giant cockroach.
The giant cockroach misses you. 😕 HP[+1]
You closely miss the giant cockroach. The giant cockroach bites you. 😕 HP[-2]
You take 2 damage, and now have 10/13 hp.
You hit the giant cockroach but do no damage.
The giant cockroach bites you. 😮 HP[-2]
You take 2 damage, and now have 8/13 hp.
You hit the giant cockroach. The giant cockroach closely misses you.
The giant cockroach bites you but does no damage.
You closely miss the giant cockroach. The giant cockroach bites you.
You barely miss the giant cockroach. The giant cockroach closely misses you.
You hit the giant cockroach.
You kill the giant cockroach! 😮 HP[+1]
You now have 14 max hp (+1).
You hit the ball python. The ball python bites you.
The ball python misses you. 😮 HP[-1]
You take 1 damage, and now have 8/14 hp.
You barely miss the ball python. The ball python closely misses you.
The ball python barely misses you.
You hit the ball python.
You kill the ball python!
You have reached level 2!
Your demonic ancestry asserts itself...
You feel the presence of a demonic guardian. 😮 HP[+4] MP[+2]
You now have 20 max hp (+6).
You regained 4 hp, and now have 12/20 hp.
Your mp is fully restored (5).
There is an open door here.
Things that are here:
a +0 dagger; a ball python corpse; a giant cockroach corpse You now have 21 gold pieces (gained 10).
You open the door.
There is an open door here.
You now have 26 gold pieces (gained 5).
You open the door.
There is an open door here.
You now have 39 gold pieces (gained 13).
A frilled lizard comes into view. 😎 HP[+8]
Your hp is fully restored (20).
A frilled lizard is nearby!
The frilled lizard hisses angrily.
A frilled lizard is nearby!
A frilled lizard is nearby!
An endoplasm comes into view.
The endoplasm quivers.
The frilled lizard bites you but does no damage.
You miss the frilled lizard. The frilled lizard bites you.
A frilled lizard is nearby!
You closely miss the frilled lizard. The frilled lizard bites you.
You closely miss the frilled lizard. The frilled lizard bites you.
A demonic guardian appears! 😕 HP[-4]
You take 4 damage, and now have 16/20 hp.
A frilled lizard is nearby!
You hit the frilled lizard.
You kill the frilled lizard!
The endoplasm freezes you.
You are frozen. 😮 HP[-5]
You take 5 damage, and now have 11/20 hp.
MASSIVE DAMAGE!! (PAUSE)
You hit the endoplasm but do no damage. The endoplasm hits you.
* * * LOW HITPOINT WARNING * * *
😨 HP[-1]
You take 1 damage, and now have 10/20 hp.
You hit the endoplasm.
The endoplasm closely misses you. 😮 HP[+1]
You hit the endoplasm. The endoplasm hits you.
* * * LOW HITPOINT WARNING * * *
😨 HP[-1]
You take 1 damage, and now have 10/20 hp.
You barely miss the endoplasm. You hit the endoplasm.
The endoplasm freezes you.
You are frozen.
* * * LOW HITPOINT WARNING * * *
😨 HP[-3]
You take 3 damage, and now have 7/20 hp.
You hit the endoplasm.
You kill the endoplasm! 😨 HP[+1]
You start resting.
Your ufetubus disappears in a puff of smoke! 😕 HP[+9]
You regained 9 hp, and now have 17/20 hp.
Are you sure you want to abandon this character and quit the game? (Confirm with "yes".)

Skill      XL: |  1 |
---------------+----+-----
Short Blades   | 1 |  1.2
Fighting       | |  0.4
Dodging        | |  1.7
Stealth        | |  2.9
Spellcasting   | |  2.1
Hexes          | |  3.0

Action                     || total
---------------------------++-------
  Melee: Dagger            ||    35
 Armour: Robe              ||    22
  Dodge: Dodged            ||    18

Levels and vault maps discovered:
D:1:      co_arrival_random_square_maze, layout_basic, st_stairs_13,
          grunt_decor_junction, grunt_decor_mini_mirrors

Notes
Turn   | Place    | Note
-------+----------+-------------------------------------------
     0 | D:1      | kae the Demonspawn Enchanter began the quest for the Orb.
     0 | D:1      | Reached XP level 1. HP: 13/13 MP: 3/3
     0 | D:1      | magus.rc [v1.11.3]
   114 | D:1      | Reached skill level 1 in Short Blades
   202 | D:1      | Gained mutation: A weak demonic guardian rushes to your
                  | aid. [demonic ancestry]
   202 | D:1      | Reached XP level 2. HP: 12/20 MP: 5/5
   336 | D:1      | Quit the game

Vanquished Creatures
  A ball python (D:1)
  A bat (D:1)
  An endoplasm (D:1)
  2 giant cockroaches (D:1)
  A goblin (D:1)
  A quokka (D:1)
  A frilled lizard (D:1)
8 creatures vanquished.

Table legend:
 A = Non-vault XP
 B = Vault XP
 C = Vault XP percentage of total XP
 D = Non-vault monster count
 E = Vault monster count
 F = Vault count percentage of total count
                 A         B        C        D         E       F
            +---------+---------+-------+---------+---------+-------
      Total |      13 |       2 |  13.3 |       7 |       1 |  12.5
            +---------+---------+-------+---------+---------+-------
        D:1 |      13 |       2 |  13.3 |       7 |       1 |  12.5
            +---------+---------+-------+---------+---------+-------

Skill      XL: |  1 |
---------------+----+-----
Short Blades   | 1 |  1.2
Fighting       | |  0.4
Dodging        | |  1.7
Stealth        | |  2.9
Spellcasting   | |  2.1
Hexes          | |  3.0

Action                     || total
---------------------------++-------
  Melee: Dagger            ||    35
 Armour: Robe              ||    22
  Dodge: Dodged            ||    18

Illustrated notes

Table legend:
 A = Kills in this place as a percentage of kills in the entire game.
 B = Kills by you in this place as a percentage of kills by you in the entire game.
 C = Kills by friends in this place as a percentage of kills by friends in the entire game.
 D = Other kills in this place as a percentage of other kills in the entire game.
 E = Experience gained in this place as a percentage of experience gained in the entire game.
 F = Experience gained in this place divided by the number of levels of this place that you have seen.
                   A       B       C       D       E      F
               +-------+-------+-------+-------+-------+----------------------
         Total | 100.0 | 100.0 |   N/A |   N/A | 100.0 |  15.0
       Dungeon | 100.0 | 100.0 |   N/A |   N/A | 100.0 |  15.0
               +-------+-------+-------+-------+-------+----------------------

Table legend: (Time is in decaauts)
 A = Elapsed time spent in this place.
 B = Non-inter-level travel time spent in this place.
 C = Inter-level travel time spent in this place.
 D = Time resting spent in this place.
 E = Time spent auto-exploring this place.
 F = Levels seen in this place.
 G = Mean time per level.
                   A        B        C        D        E       F      G
               +--------+--------+--------+--------+--------+-----+--------+
         Total |    333 |    333 |      0 |     38 |    238 |   1 |  333.0 |
       Dungeon |    333 |    333 |      0 |     38 |    238 |   1 |  333.0 |
               +--------+--------+--------+--------+--------+-----+--------+

Top non-repeatable levels by time:
     D:1: 333 daAuts
